 Dungeon Crawl Stone Soup version 0.30.1-4-g462c640d31 (webtiles) character file.

Game seed: 1457583720632837906

10315 Babbit the Cleaver (level 11, -7/97 HPs)
             Began as a Minotaur Fighter on Aug 24, 2023.
             Was an Elder of Okawaru.
             Killed from afar by an electric eel (9 damage)
             ... with a bolt of electricity
             ... on level 10 of the Dungeon on Aug 25, 2023.
             The game lasted 00:39:49 (10391 turns).

Babbit the Cleaver (Minotaur Fighter)              Turns: 10391, Time: 00:39:49

Health: -7/97      AC: 17    Str: 25    XL:     11   Next: 34%
Magic:  0/10       EV: 16    Int:  5    God:    Okawaru [****..]
Gold:   691        SH:  5    Dex: 10    Spells: 10/10 levels left

rFire   + . .        a - +0 war axe (flame)
rCold   . . .        c - +0 buckler
rNeg    . . .        t - +2 scale mail {rF+}
rPois   +            (helmet restricted)
rElec   .            l - +0 cloak
rCorr   .            x - +1 pair of gloves
SInv    .            M - +1 pair of boots
Will    .....        E - amulet of guardian spirit Stlth
                     e - ring of poison resistance
HPRegen 0.36/turn    J - +5 ring of evasion
MPRegen 0.12/turn

%: guardian spirit
@: no status effects
A: horns 2, retaliatory headbutt
a: Renounce Religion, Heroism, Finesse


You were on level 10 of the Dungeon.
You worshipped Okawaru.
Okawaru was greatly pleased with you.
You visited 2 branches of the dungeon, and saw 12 of its levels.
You also visited: Ossuary.

You collected 691 gold pieces.

Inventory:

Hand Weapons
 a - a +0 war axe of flaming (weapon)
 L - the +8 dagger "Dunelent" {pain, rPois rCorr Str+3 Dex-5}
   (You took it off an orc on level 6 of the Dungeon)

   Str:       It affects your strength (+3).
   Dex:       It affects your dexterity (-5).
   rPois:     It protects you from poison.
   rCorr:     It protects you from acid and corrosion.
Missiles
 O - 2 boomerangs (quivered)
Armour
 c - a +0 buckler (worn)
 l - a +0 cloak (worn)
 t - a +2 scale mail of fire resistance (worn)
 x - a +1 pair of gloves (worn)
 M - a +1 pair of boots (worn)
Jewellery
 e - a ring of poison resistance (left hand)
 j - an amulet of the acrobat
 r - a ring of ice
 E - an amulet of guardian spirit (around neck)
 G - a ring of protection from cold
 I - a ring of fire
 J - a +5 ring of evasion (right hand)
 N - a +5 ring of evasion
Wands
 p - a wand of light (19)
 q - a wand of roots (10)
 A - a wand of polymorph (9)
 B - a wand of flame (24)
 F - a wand of charming (13)
Scrolls
 f - a scroll of torment {unknown}
 h - a scroll of silence {unknown}
 k - 2 scrolls of poison {unknown}
 n - 2 scrolls of enchant weapon {unknown}
 o - a scroll of fog {unknown}
 s - 6 scrolls of teleportation
 v - 2 scrolls of brand weapon
 y - a scroll of butterflies {unknown}
 C - a scroll of magic mapping {unknown}
 D - 2 scrolls of noise {unknown}
 P - a scroll of blinking {unknown}
Potions
 b - 8 potions of curing
 d - 2 potions of might
 g - a potion of heal wounds
 i - 3 potions of ambrosia
 m - a potion of brilliance
 u - 2 potions of berserk rage
 w - 3 potions of magic
 z - 4 potions of flight
 H - 3 potions of resistance
 K - a potion of lignification {unknown}


   Skills:
 + Level 9.5 Fighting
 + Level 14.7 Axes
 + Level 10.3 Armour
 + Level 4.7 Dodging
 + Level 1.8 Stealth
 + Level 7.2 Shields


You had 10 spell levels left.
You didn't know any spells.
Your spell library contained the following spells:

 Spells                   Type           Power      Damage    Failure   Level
 Magic Dart               Conj           0%         1d3       77%         1
 Searing Ray              Conj           0%         2d4       88%         2
 Vhi's Electric Charge    Tloc/Air       0%         N/A       98%         3
 Fulminant Prism          Conj/Hex       0%         3d5       100%        4
 Arcjolt                  Conj/Air       0%         1d10      100%        5
 Freezing Cloud           Conj/Ice/Air   0%         6-21      100%        5
 Orb of Destruction       Conj           0%         9d5       100%        7
 Maxwell's Capacitive Co  Air            0%         ∞         100%        8
 Chain Lightning          Conj/Air       0%         N/A       100%        9
 Fire Storm               Conj/Fire      0%         5d1       100%        9
 Shatter                  Erth           0%         3d5*      100%        9
 Summon Small Mammal      Summ           Unusable   N/A       N/A         1
 Call Canine Familiar     Summ           Unusable   N/A       N/A         3
 Summon Guardian Golem    Hex/Summ       Unusable   N/A       N/A         3
 Simulacrum               Ice/Necr       Unusable   N/A       N/A         6
 Spellforged Servitor     Conj/Summ      Unusable   N/A       N/A         7

Dungeon Overview and Level Annotations

Branches:
Dungeon (11/15)            Temple (1/1) D:6         Ossuary (visited)
   Lair: D:8-11         Orc: D:9-12

Altars:
Ashenzari
Fedhas
Gozag
Hepliaklqana
Kikubaaqudgha
Nemelex Xobeh
Okawaru
Qazlal
Trog
Uskayaw
Vehumet
Wu Jian
Zin

Shops:
D:3 (   D:7 *


Innate Abilities, Weirdness & Mutations

You have a pair of horns on your head.
You reflexively headbutt those who attack you in melee.


Message History

The electric eel completely resists.
The electric eel shoots out a bolt of lightning at you!
The bolt of electricity hits you but does no damage.
The bolt of electricity hits the electric eel.
The electric eel completely resists.
The electric eel shoots out a bolt of lightning at you!
The bolt of electricity hits you! x2
The bolt of electricity hits the electric eel.
The electric eel completely resists.
The electric eel shoots out a bolt of lightning at you!
The bolt of electricity hits you. The bolt of electricity hits you!
The electric eel shoots out a bolt of lightning at you!
The bolt of electricity hits you! x2
* * * LOW HITPOINT WARNING * * *
The bolt of electricity hits the electric eel.
The electric eel completely resists.
You feel much better.
The electric eel shoots out a bolt of lightning at you!
The bolt of electricity hits you! The bolt of electricity misses you.
The bolt of electricity hits the electric eel.
The electric eel completely resists.
The electric eel shoots out a bolt of lightning at you!
The bolt of electricity hits you! x2
* * * LOW HITPOINT WARNING * * *
The bolt of electricity hits the electric eel.
The electric eel completely resists.
The electric eel shoots out a bolt of lightning at you!
The bolt of electricity hits you.
* * * LOW HITPOINT WARNING * * *
The bolt of electricity misses you.
The electric eel shoots out a bolt of lightning at you!
The bolt of electricity hits you.
* * * LOW HITPOINT WARNING * * *
The bolt of electricity hits you!
* * * LOW HITPOINT WARNING * * *
The electric eel shoots out a bolt of lightning at you!
The bolt of electricity hits you!
* * * LOW HITPOINT WARNING * * *
The bolt of electricity hits you!
You die...

### ..# ##### ..# #...# ..#
#...# ####### ###
##...###########.......
#................#
#######....##########..#
............# #######..#
#######.....# #.@......#
..... #....$# #.######.#
####. #.~..~≈##.# .# #
#~~~~≈#≈S.# ≈~ ≈#
≈.~~>~~.~≈~S≈≈≈≈≈≈≈≈≈
≈≈#~~~~#.##.#~≈≈≈≈≈≈≈≈≈≈≈≈
~≈#~.~##.##..≈~≈≈≈≈≈≈≈≈≈≈≈≈
#≈##.#
#.####.#≈≈≈≈~≈~~~~≈~~ ####.
.. ...~≈≈≈≈.~.


You could see 2 electric eels.

Vanquished Creatures
  Erolcha (D:9)
  The ghost of Stellion the Cleaver, a novice HOFi of Okawaru (D:5)
  Pikel (D:4)
  A deep elf pyromancer (D:7)
  A cyclops (D:8)
  An unseen horror (D:10)
  A hornet (D:7)
  A slime creature (D:7)
  Sigmund (D:2)
  11 yaks
  A wraith (D:7)
  A wyvern (D:8)
  A vampire (D:7)
  2 steam dragons
  A water moccasin (D:6)
  4 sky beasts
  An ice beast (D:5)
  A black bear (D:7)
  2 orc warriors
  2 ogres
  5 centaurs
  2 phantoms
  4 kobold brigands
  A lemure (D:4)
  2 bullfrogs
  4 scorpions
  3 necrophages (D:4)
  A water moccasin zombie (D:4)
  10 wights
  A water moccasin skeleton (D:5)
  The ghost of sunglassesatnite the Cudgeller, a weakling MiBe of Trog (D:3)
  13 killer bees
  3 howler monkeys (D:9)
  3 electric eels (D:10)
  7 hounds
  3 orc priests
  A centaur zombie (D:5)
  6 jellies
  A human zombie (D:4)
  5 iguanas
  Jessica (D:2)
  A bullfrog skeleton (D:5)
  Terence (D:3)
  6 orc wizards
  Natasha (thrice) (D:4)
  A scorpion zombie (D:4)
  3 hound zombies (D:4)
  10 mummies
  4 adders
  3 gnolls (D:3)
  2 shadow imps (D:7)
  2 white imps (D:7)
  2 ufetubi
  4 dart slugs
  25 orcs
  8 ball pythons
  4 bats
  9 endoplasms
  A giant cockroach (D:3)
  8 goblins
  8 hobgoblins
  3 jackals (D:5)
  29 kobolds
  4 quokkas
  3 frilled lizards
  3 hobgoblin zombies (Ossuary)
  3 kobold zombies (Ossuary)
  2 orc zombies (Ossuary)
  2 rats
  2 rat zombies (D:5)
269 creatures vanquished.

Notes
Turn   | Place    | Note
-------+----------+-------------------------------------------
     0 | D:1      | Babbit the Minotaur Fighter began the quest for the Orb.
     0 | D:1      | Reached XP level 1. HP: 19/19 MP: 0/0
   240 | D:1      | Reached XP level 2. HP: 26/27 MP: 1/1
  1037 | D:2      | Reached XP level 3. HP: 33/33 MP: 2/2
  1050 | D:2      | Noticed Sigmund
  1059 | D:2      | Killed Sigmund
  1060 | D:2      | Reached skill level 3 in Axes
  1060 | D:2      | Reached XP level 4. HP: 34/41 MP: 3/3
  1060 | D:2      | Reached XP level 5. HP: 39/47 MP: 4/4
  1213 | D:2      | Reached skill level 5 in Armour
  1273 | D:2      | Noticed Jessica
  1280 | D:2      | Killed Jessica
  1281 | D:2      | Reached skill level 5 in Fighting
  1281 | D:2      | Reached skill level 4 in Axes
  1786 | D:3      | Noticed Terence
  1792 | D:3      | Killed Terence
  1933 | D:3      | Reached XP level 6. HP: 50/56 MP: 5/5
  2012 | D:3      | Found Xerchout's Weapon Emporium.
  2250 | D:3      | Found a runed translucent door.
  2254 | D:3      | Noticed sunglassesatnite's ghost (weakling MiBe)
  2262 | D:3      | Reached skill level 1 in Dodging
  2265 | D:3      | Killed sunglassesatnite's ghost
  2713 | D:4      | Noticed Natasha
  2721 | D:4      | Killed Natasha
  2779 | D:4      | Noticed Natasha
  2786 | D:4      | Killed Natasha
  2819 | D:4      | Noticed Natasha
  2824 | D:4      | Killed Natasha
  2825 | D:4      | Reached skill level 5 in Axes
  2991 | D:4      | Reached XP level 7. HP: 56/62 MP: 6/6
  3386 | D:4      | Noticed Pikel
  3400 | D:4      | Killed Pikel
  3401 | D:4      | Reached skill level 7 in Axes
  3401 | D:4      | Reached skill level 5 in Shields
  3401 | D:4      | Reached XP level 8. HP: 20/71 MP: 7/7
  3680 | D:4      | Reached skill level 1 in Stealth
  3699 | D:4      | Found an ancient bone altar of Kikubaaqudgha.
  3752 | D:4      | Reached skill level 8 in Axes
  3969 | D:4      | Got Coes's Tome of the Chilled Sun
  4067 | D:5      | Entered Level 5 of the Dungeon
  4070 | D:5      | Found a sand-covered staircase.
  4080 | Ossuary  | Entered an ossuary
  4575 | D:5      | Reached skill level 9 in Axes
  4835 | D:5      | Found an opulent altar of Gozag.
  4847 | D:5      | Found a transporter.
  4849 | D:5      | Noticed Stellion's ghost (novice HOFi)
  4902 | D:5      | Reached XP level 9. HP: 69/79 MP: 8/8
  5065 | D:5      | Found a transporter.
  5305 | D:5      | Found a radiant altar of Vehumet.
  5478 | D:5      | Reached skill level 10 in Axes
  5489 | D:5      | Killed Stellion's ghost
  5815 | D:6      | Reached skill level 11 in Axes
  6079 | D:6      | Identified the +1 trident of Ravage {antimagic, rPois}
  6091 | D:6      | Found a staircase to the Ecumenical Temple.
  6100 | Temple   | Entered the Ecumenical Temple
  6191 | Temple   | Became a worshipper of Warmaster Okawaru
  6278 | D:6      | Identified the +8 dagger "Dunelent" {pain, rPois rCorr
                  | Str+3 Dex-5}
  6558 | D:7      | Found Nomos's Needful Niceties.
  6605 | D:7      | Reached * piety under Okawaru
  6606 | D:7      | Reached skill level 12 in Axes
  6606 | D:7      | Reached XP level 10. HP: 88/88 MP: 9/9
  6835 | D:7      | Paralysed by a hornet for 3 turns
  6840 | D:7      | Reached skill level 13 in Axes
  7054 | D:7      | Reached ** piety under Okawaru
  7089 | D:7      | Identified the +0 leather armour of Terror {rN+ Int+3}
  7096 | D:7      | Identified the +8 mace of Anxiety {antimagic, Stlth+}
  7096 | D:7      | Noticed a deep elf pyromancer
  7139 | D:7      | Killed a deep elf pyromancer
  7364 | D:7      | Found a stormy altar of Qazlal.
  7674 | D:7      | Reached *** piety under Okawaru
  8226 | D:8      | Noticed a cyclops
  8247 | D:8      | Killed a cyclops
  8461 | D:8      | Reached skill level 14 in Axes
  8464 | D:8      | Reached XP level 11. HP: 91/97 MP: 8/10
  8465 | D:8      | Reached **** piety under Okawaru
  8471 | D:8      | Received a gift from Okawaru
  8898 | D:9      | Reached skill level 10 in Armour
  9119 | D:9      | Noticed Erolcha
  9124 | D:9      | Killed Erolcha
  9124 | D:9      | Received a gift from Okawaru
  9756 | D:9      | Found a blossoming altar of Fedhas.
 10047 | D:10     | Entered Level 10 of the Dungeon
 10053 | D:10     | Found an ornate altar of the Wu Jian Council.
 10122 | D:10     | You fall into a shaft and drop 1 floor!
 10391 | D:10     | HP: 2/97 [electric eel/bolt of electricity (6)]
 10391 | D:10     | Killed from afar by an electric eel

Illustrated notes

Levels and vault maps discovered:
D:1:      dpeg_cavernosity, layout_loops_ring, grunt_decor_fettered
D:2:      layout_basic, uniq_jessica, uniq_sigmund
D:3:      layout_basic, ebering_ghost_inner_flame, serial_shops,
          nicolae_shop_bloodbath_and_beyond, uniq_terence
D:4:      layout_basic, lemuel_mausoleum_altar_kikubaaqudgha, minivault_11,
          dk_noncrumbling_3, uniq_pikel, uniq_natasha
D:5:      layout_loops_corners, nicolae_vehumet_altar_sigil,
          nicolae_overflow_crystal_walls, gammafunk_ghost_mausoleum,
          enter_ossuary_4
D:6:      layout_cave_pools, minmay_temple_entry_overgrown,
          palyth_stone_intersect
D:7:      nzn_winding_woodlands_cross [nzn_winding_woodlands_5x15_sidewinder,
          nzn_winding_woodlands_5x15_sawtooth,
          nzn_winding_woodlands_5x15_lazy_stream,
          nzn_winding_woodlands_5x15_pathside_ponds,
          nzn_winding_woodlands_15x15_boxy_spiral], layout_basic,
          nicolae_qazlal_style_of_elements, chequers_arboretum,
          nicolae_alphabet_shops
D:8:      layout_gridville, minmay_sticks_and_stones
D:9:      layout_layer_cave, lemuel_coloured_pillars_altar, uniq_erolcha
D:10:     layout_basic, nicolae_wu_jian_wuxing_cycle, tso_oasis_becter,
          lair_entry_dummy, enter_trove_5, nicolae_figureground_sparkle,
          uniq_snorg
D:11:     layout_long_grid, gammafunk_ghost_split,
          nicolae_dithmenos_shadow_blocks
Temple:   regret_index_temple_generic_petals

Skill      XL: |  1  2  3  4  5  6  7  8  9 10 11 |
---------------+----------------------------------+-----
Fighting       | 4 5 6 7 9 |  9.5
Armour         | 4 5 6 7 8 9 10 | 10.3
Shields        | 4 5 6 7 |  7.2
Axes           | 3 4 5 7 9 12 14 | 14.7
Dodging        | 1 2 3 4 |  4.7
Stealth        | 1 |  1.8

Action                     |  1- 3 |  4- 6 |  7- 9 | 10-12 || total
---------------------------+-------+-------+-------+-------++-------
  Melee: War axe           |    36 |    71 |   250 |   282 ||   639
         Headbutt          |     6 |    12 |    41 |    46 ||   105
    Use: Scroll            |     1 |     1 |     7 |     7 ||    16
         Potion            |       |     1 |       |     3 ||     4
 Armour: Scale mail        |    10 |    30 |    69 |    92 ||   201
  Dodge: Dodged            |    29 |    49 |   143 |   168 ||   389
  Block: Buckler           |    11 |    12 |    46 |    60 ||   129
